 Dungeon Crawl Stone Soup version 0.28-a0-1447-ga5a8893891 (webtiles) character file.

Game seed: 8244025981536390671

1489 oldriver the Skirmisher (level 9, -5/64 (74) HPs)
             Began as a Formicid Chaos Knight on Jan 11, 2022.
             Was a Plaything of Xom.
             Slain by a wight (6 damage)
             ... on level 5 of the Dungeon.
             The game lasted 00:06:32 (5306 turns).

oldriver the Skirmisher (Formicid Chaos Knight)     Turns: 5306, Time: 00:06:32

HP:   -5/64 (74)    AC: 20    Str: 21    XL:     9   Next: 7%
MP:   9/9           EV:  6    Int: 14    God:    Xom [.*....]
Gold: 232           SH:  0    Dex: 10    Spells: 8/8 levels left

rFire   . . .      SeeInvis +   a - +1 hand axe (chaos)
rCold   . . .      Faith    .   (no shield)
rNeg    . . .      Spirit   .   h - +1 plate armour
rPois   +          Reflect  .   (helmet unavailable)
rElec   .          Harm     .   v - +0 cloak
rCorr   .          Rampage  .   x - +2 pair of gloves
Will    +....                   (no boots)
Stlth   ..........              o - amulet of the acrobat
HPRegen 0.20/turn               m - ring of poison resistance
MPRegen 0.11/turn               i - ring of willpower

@: heavily drained
A: permanent stasis, dig shafts and tunnels, antennae 3, four strong arms, claws
1, hooves 2, iridescent scales 1, clever 1, sense surroundings 1, screaming 1,
evolution 1, MP-powered wands
a: Dig, Shaft Self, Renounce Religion


You were on level 5 of the Dungeon.
You worshipped Xom.
You were a plaything of Xom.
You visited 1 branch of the dungeon, and saw 6 of its levels.

You collected 232 gold pieces.

Inventory:

Hand Weapons
 a - a +1 hand axe of chaos (weapon)
 u - a +4 quarterstaff of chaos
 w - a +0 mace of protection
Armour
 h - a +1 plate armour (worn)
 v - a +0 cloak (worn)
 x - a +2 pair of gloves (worn)
Jewellery
 i - a ring of willpower (right hand)
 m - a ring of poison resistance (left hand)
 n - a ring of fire
 o - an amulet of the acrobat (around neck)
Scrolls
 b - 3 scrolls of amnesia {unknown}
 e - 2 scrolls of identify
 g - a scroll of enchant weapon
Potions
 c - 4 potions of curing {unknown}
 f - a potion of degeneration {unknown}
 k - 2 potions of brilliance
 p - a potion of haste {unknown}
 q - a potion of cancellation {unknown}
 s - a potion of lignification
 t - 2 potions of mutation {unknown}


   Skills:
 + Level 7.8 Fighting
 + Level 7.1 Axes
 + Level 6.2 Armour
 - Level 1.0 Dodging


You had 8 spell levels left.
You didn't know any spells.
Your spell library contained the following spells:

 Spells                   Type           Power      Damage    Failure   Level
 Beastly Appendage        Tmut           0%         N/A       99%         1
 Wereblood                Tmut           0%         N/A       100%        2
 Spider Form              Tmut/Pois      0%         N/A       100%        3


Dungeon Overview and Level Annotations

Branches:
Dungeon (6/15)             Temple (0/1) D:4

Altars:
Xom

Annotations:
D:6 Grinder


Innate Abilities, Weirdness & Mutations

You cannot be hasted, slowed, berserked, paralysed or teleported.
You can dig through walls and to a lower floor.
You have a pair of large antennae on your head. (SInv)
Your four strong arms can wield two-handed weapons with a shield.
You have sharp fingernails.
You have hoof-like feet.
You are partially covered in iridescent scales. (AC +2)
Your mind is acute. (Int +2)
You passively map a small area around you.
You occasionally shout uncontrollably at your foes.
You have hidden genetic potential.
You expend magic power (3 MP) to strengthen your wands.


Message History

Grinder blinks!
The withered plant crumbles away.
Grinder gestures at you. You resist with almost no effort.
Grinder blinks!
There is a stone staircase leading up here.
The wyvern zombie bites you but does no damage.
The wight completely misses you.
You climb upwards.
There is a stone staircase leading down here.
You hit the wight.
The wight is almost destroyed.
The wight hits you but does no damage.
The wight hits you with a +5 battleaxe of freezing.
* * * LOW HITPOINT WARNING * * *
You feel drained.
* * * LOW HITPOINT WARNING * * *
The wight freezes you.
* * * LOW HITPOINT WARNING * * *
You feel much better.
The wight hits you with a +5 battleaxe of freezing.
You feel drained. The wight freezes you.
You hit the wight. You burn the wight. You kick the wight, but do no damage.
The wight is almost destroyed.
The wight hits you but does no damage.
The wight hits you with a +5 battleaxe of freezing!
The wight freezes you.
* * * LOW HITPOINT WARNING * * *
You hit the wight but do no damage. Your kick misses the wight.
The wight is almost destroyed.
The wight barely misses you.
You closely miss the wight. Your kick misses the wight.
The wight is almost destroyed.
The wight hits you with a +5 battleaxe of freezing!
* * * LOW HITPOINT WARNING * * *
You feel drained.
* * * LOW HITPOINT WARNING * * *
Xom thinks this is hilarious!
The wight freezes you.
You die...

.......# #.#.......# #.#...##
######.# #.#.##.#.## #<.....# #.#
#.#.##.#.# #.#...## #.#
#.#.##.#.####.##.## #.#
#......#......##.# #.#
###.############.# #.# #.# ##+##
#.# ##z## ##...## ##.# #.@.###
##.....# # ##..# ##..#.##
##.......
####..<##########....####........
'.......................'.....(..
####...##########....####........
# ##..#### #####.#.## ##.......
#......# #...(..## ##.....#
#.#.##.# #.###..# ##...##
#.#.##.# #)# #..# ###'###


You could see a wight (fast).

Vanquished Creatures
  Sigmund (D:4)
  A warg (D:5)
  A necrophage (D:5)
  2 ogres
  2 centaurs
  2 water moccasin skeletons
  2 wights (D:6)
  A bullfrog zombie (D:5)
  3 hounds
  Crazy Yiuf (D:4)
  Jessica (D:3)
  3 centaur skeletons
  Natasha (thrice) (D:2)
  An orc wizard (D:5)
  A killer bee zombie (D:6)
  A hound skeleton (D:4)
  3 gnolls (D:3)
  7 adders
  An ufetubus (D:4)
  An adder skeleton (D:5)
  A worm (D:4)
  2 dart slugs (D:2)
  10 orcs
  8 ball pythons
  4 endoplasms
  3 giant cockroaches
  9 goblins
  10 hobgoblins
  9 kobolds
  4 quokkas
  3 bats
  2 frilled lizards
  A jackal skeleton (D:3)
  5 rats
109 creatures vanquished.

Vanquished Creatures (others)
  A wight (D:6)
  A scorpion zombie (D:5)
  3 withered plants (D:6)
5 creatures vanquished.

Grand Total: 114 creatures vanquished

Notes
Turn   | Place    | Note
-------+----------+-------------------------------------------
     0 | D:1      | oldriver the Formicid Chaos Knight began the quest for the
                  | Orb.
     0 | D:1      | Reached XP level 1. HP: 18/18 MP: 1/1
    58 | D:1      | XOM: potion effect (invisibility)
   129 | D:1      | Reached skill level 1 in Dodging
   176 | D:1      | Reached XP level 2. HP: 24/24 MP: 2/2
   219 | D:1      | XOM: blink monster(s)
   299 | D:1      | XOM: give mutations
   299 | D:1      | Gained mutation: You occasionally shout uncontrollably at
                  | your foes. [Xom's mischief]
   299 | D:1      | Lost mutation: You occasionally shout uncontrollably at
                  | your foes. [Xom's mischief]
   299 | D:1      | Gained mutation: You occasionally shout uncontrollably at
                  | your foes. [Xom's mischief]
   367 | D:1      | XOM: draining
   408 | D:1      | Reached XP level 3. HP: 25/25 MP: 3/3
   755 | D:2      | Noticed an ogre
   775 | D:1      | XOM: confusion (+ monsters)
   868 | D:2      | Killed an ogre
   869 | D:2      | Reached XP level 4. HP: 10/38 MP: 4/4
   869 | D:2      | Reached XP level 5. HP: 11/43 MP: 5/5
  1249 | D:2      | Found a faded altar of an unknown god.
  1264 | D:2      | Noticed Natasha
  1274 | D:2      | Killed Natasha
  1275 | D:2      | Reached skill level 5 in Fighting
  1371 | D:2      | Noticed Natasha
  1376 | D:2      | Killed Natasha
  1377 | D:2      | Reached XP level 6. HP: 39/51 MP: 6/6
  1614 | D:2      | Noticed Natasha
  1623 | D:2      | Killed Natasha
  1848 | D:3      | Noticed Jessica
  1858 | D:3      | Killed Jessica
  1903 | D:3      | XOM: enchant monster (bad)
  1914 | D:3      | Reached skill level 5 in Axes
  1957 | D:3      | XOM: divination: magic mapping
  2231 | D:3      | XOM: summons 1 hostile demon
  2637 | D:4      | XOM: god gift: 10 stones
  2653 | D:4      | Reached XP level 7. HP: 47/57 MP: 7/7
  2674 | D:4      | XOM: god gift: fuming silvery potion {god gift}
  2930 | D:4      | XOM: scenery: create altars
  2970 | D:4      | Found a staircase to the Ecumenical Temple.
  3178 | D:4      | Noticed Sigmund
  3184 | D:4      | XOM: cleaving
  3186 | D:4      | Killed Sigmund
  3273 | D:4      | XOM: god gift: 8 arrows
  3471 | D:4      | Found a runed translucent door.
  3472 | D:4      | Noticed Crazy Yiuf
  3848 | D:4      | Killed Crazy Yiuf
  3994 | D:5      | Entered Level 5 of the Dungeon
  4056 | D:5      | Reached XP level 8. HP: 62/65 MP: 8/8
  4106 | D:5      | XOM: scenery: summon butterflies
  4142 | D:5      | XOM: give mutations
  4142 | D:5      | Gained mutation: You have sharp fingernails. [Xom's grace]
  4142 | D:5      | Gained mutation: You are partially covered in iridescent
                  | scales. (AC +2) [Xom's grace]
  4142 | D:5      | Gained mutation: Your mind is acute. (Int +2) [Xom's grace]
  4142 | D:5      | Gained mutation: You expend magic power (3 MP) to
                  | strengthen your wands. [Xom's grace]
  4229 | D:5      | XOM: butterfly on damage
  4235 | D:5      | Reached skill level 5 in Armour
  4760 | D:5      | XOM: polymorph ogre -> warg
  4932 | D:5      | XOM: cleaving
  5131 | D:5      | XOM: give mutations
  5131 | D:5      | Gained mutation: You have large cloven feet. [Xom's grace]
  5131 | D:5      | Gained mutation: You have hidden genetic potential. [Xom's
                  | grace]
  5131 | D:5      | Gained mutation: You passively map a small area around you.
                  | [Xom's grace]
  5131 | D:5      | Gained mutation: You have hoof-like feet. [Xom's grace]
  5221 | D:6      | XOM: scenery: 1 doors open
  5258 | D:6      | XOM: noise
  5274 | D:6      | Reached XP level 9. HP: 59/74 MP: 9/9
  5294 | D:6      | Noticed Grinder
  5306 | D:5      | HP: 1/64 [wight (4)]
  5306 | D:5      | Slain by a wight

Illustrated notes

Levels and vault maps discovered:
D:1:      dpeg_arrival_water_temple_mockup, layout_basic, serial_corexii_hall,
          chequers_hall_statues_y, chequers_hall_statues_y
D:2:      cheibrodos_helix_gallery, layout_rooms,
          hellmonk_ecumenical_altar_blasted, minmay_tromino_v4_b, uniq_natasha
D:3:      layout_rooms, st_stairs_13, minmay_misc_feat_pillars,
          chequers_serial_rivers_small_b, uniq_jessica
D:4:      layout_basic, minmay_temple_entry_glass, uniq_crazy_yiuf_cottage,
          uniq_sigmund
D:5:      layout_loops_corners
D:6:      layout_basic, nicolae_uskayaw_dance_studio, serial_undead,
          serial_undead_d, serial_undead_a, serial_undead_c, serial_undead_f,
          serial_undead_f, serial_undead_b, serial_undead_e, uniq_grinder,
          uniq_eustachio, uniq_blork_the_orc

Skill      XL: |  1  2  3  4  5  6  7  8 |
---------------+-------------------------+-----
Dodging        | 1 |  1.0
Fighting       | 4 5 6 7 |  7.8
Axes           | 4 5 7 |  7.1
Armour         | 3 4 6 |  6.2

Action                   |  1- 3 |  4- 6 |  7- 9 || total
-------------------------+-------+-------+-------++-------
Melee: Hand axe          |    70 |   160 |   222 ||   452
       Punch             |     1 |     2 |     4 ||     7
       Kick              |       |       |    15 ||    15
  Use: Potion            |     2 |       |     2 ||     4
       Scroll            |       |       |     7 ||     7
 Stab: Paralysed         |       |     1 |     5 ||     6
       Confused          |       |       |     1 ||     1
Armor: Leather armour    |    23 |    16 |       ||    39
       Plate armour      |       |    57 |   166 ||   223
Dodge: Dodged            |    54 |    71 |    94 ||   219

Table legend: (Time is in decaauts)
 A = Elapsed time spent in this place.
 B = Non-inter-level travel time spent in this place.
 C = Inter-level travel time spent in this place.
 D = Time resting spent in this place.
 E = Time spent auto-exploring this place.
 F = Levels seen in this place.
 G = Mean time per level.
                   A        B        C        D        E       F      G
               +--------+--------+--------+--------+--------+-----+--------+
         Total |   5326 |   5112 |    214 |    510 |   3564 |   6 |  887.7 |
       Dungeon |   5326 |   5112 |    214 |    510 |   3564 |   6 |  887.7 |
               +--------+--------+--------+--------+--------+-----+--------+

Top non-repeatable levels by time:
     D:4: 1550 daAuts
     D:5: 1224 daAuts
     D:1: 1026 daAuts
     D:3: 754 daAuts
     D:2: 686 daAuts
     D:6: 83 daAuts
